[ AOE2 MATCH · #506150172 ]
UnrankedFranks vs Britons
Player's team · WIN
Rival team · LOSS
[ REPLAY ANALYSIS · EXTRACTED FROM THE RECORDED GAME ]
Feudal
8:27
Castle
27:37
Imperial
42:35
| APM avg | 103.2 |
| APM peak | 191 |
| eAPM avg | 42.3 |
| Villagers / military | 183 / 125 |
Focus
⚔️ 66.2% · 🌾 33.8%
Skirmisher ×52 · Knight ×51 · Scout Cavalry ×15 · Trebuchet (Packed) ×3 · Monk ×2 · Archer ×1
Feudal
9:44
Castle
24:43
Imperial
42:26
| APM avg | 65.7 |
| APM peak | 125 |
| eAPM avg | 26.0 |
| Villagers / military | 125 / 176 |
Focus
⚔️ 40.3% · 🌾 59.7%
Archer ×95 · Spearman ×57 · Skirmisher ×10 · Mangonel ×7 · Trebuchet (Packed) ×4 · Militia ×3
Match map
Initial resources + every placement click. Lines = walls · curves = elevation contours. ◆ gold · ⬟ stone · ● berries · ✦ relic · ◌ wall gap
Your base· Open — 2t gap
[bK] Faraday__'s base· Open — 1t gap
Smoothed initial terrain · ◌ = detected wall gap · hover for details
Inputs per minute
— VL Tou - - [bK] Faraday__
Build order — VL Tou
First 150 of 521 actions detected
| 0:01 | Queue | Villager (Male) |
| 0:01 | Queue | Villager (Male) |
| 0:01 | Queue | Villager (Male) |
| 0:01 | Queue | Villager (Male) |
| 0:02 | Queue | Villager (Male) |
| 0:05 | Build | House |
| 0:07 | Build | House |
| 0:12 | Build | House |
| 1:14 | Queue | Villager (Male) |
| 1:14 | Queue | Villager (Male) |
| 1:59 | Queue | Villager (Male) |
| 1:59 | Queue | Villager (Male) |
| 2:19 | Queue | Villager (Male) |
| 2:25 | Build | Lumber Camp |
| 2:31 | Queue | Villager (Male) |
| 2:31 | Queue | Villager (Male) |
| 2:46 | Queue | Villager (Male) |
| 2:47 | Queue | Villager (Male) |
| 3:12 | Queue | Villager (Male) |
| 3:12 | Queue | Villager (Male) |
| 3:31 | Queue | Villager (Male) |
| 3:31 | Queue | Villager (Male) |
| 3:42 | Queue | Villager (Male) |
| 3:42 | Queue | Villager (Male) |
| 3:50 | Build | House |
| 3:54 | Queue | Villager (Male) |
| 4:06 | Queue | Villager (Male) |
| 4:06 | Queue | Villager (Male) |
| 4:19 | Queue | Villager (Male) |
| 4:42 | Queue | Villager (Male) |
| 4:52 | Queue | Villager (Male) |
| 5:04 | Build | Mill |
| 5:20 | Research | Loom |
| 6:17 | Research | Feudal Age |
| 6:17 | Research | Feudal Age |
| 7:26 | Build | Barracks |
| 8:09 | Queue | Villager (Male) |
| 8:27 | Age | Feudal Age |
| 8:30 | Build | Stable |
| 8:33 | Queue | Villager (Male) |
| 8:42 | Research | Double-Bit Axe |
| 8:54 | Queue | Spearman |
| 8:57 | Queue | Villager (Male) |
| 9:02 | Build | House |
| 9:14 | Queue | Scout Cavalry |
| 9:29 | Queue | Villager (Male) |
| 9:31 | Build | Farm |
| 9:44 | Queue | Villager (Male) |
| 10:02 | Build | Farm |
| 10:16 | Queue | Villager (Male) |
| 10:21 | Queue | Villager (Male) |
| 10:32 | Queue | Scout Cavalry |
| 10:36 | Build | Archery Range |
| 10:45 | Queue | Villager (Male) |
| 10:45 | Queue | Villager (Male) |
| 10:54 | Queue | Villager (Male) |
| 11:14 | Build | House |
| 11:20 | Build | Mining Camp |
| 11:24 | Queue | Villager (Male) |
| 11:41 | Queue | Scout Cavalry |
| 11:53 | Build | Palisade Wall |
| 11:55 | Build | Palisade Wall |
| 11:59 | Build | Palisade Wall |
| 12:04 | Build | Palisade Gate |
| 12:10 | Queue | Skirmisher |
| 12:17 | Queue | Villager (Male) |
| 12:20 | Build | Palisade Wall |
| 12:21 | Build | Palisade Wall |
| 12:26 | Queue | Villager (Male) |
| 12:32 | Queue | Skirmisher |
| 12:38 | Build | House |
| 12:42 | Build | House |
| 12:45 | Queue | Skirmisher |
| 12:54 | Queue | Villager (Male) |
| 13:09 | Queue | Villager (Male) |
| 13:12 | Build | Blacksmith |
| 13:27 | Queue | Skirmisher |
| 13:28 | Queue | Villager (Male) |
| 13:33 | Queue | Skirmisher |
| 13:53 | Queue | Skirmisher |
| 13:54 | Queue | Villager (Male) |
| 14:00 | Queue | Skirmisher |
| 14:02 | Build | Farm |
| 14:14 | Queue | Skirmisher |
| 14:24 | Build | Farm |
| 14:25 | Build | Farm |
| 14:29 | Research | Fletching |
| 14:35 | Build | Farm |
| 14:37 | Build | Farm |
| 15:01 | Queue | Villager (Male) |
| 15:03 | Build | Farm |
| 15:04 | Build | Farm |
| 15:06 | Research | Padded Archer Armor |
| 15:16 | Queue | Skirmisher |
| 15:19 | Queue | Villager (Male) |
| 15:21 | Build | House |
| 15:23 | Build | House |
| 15:34 | Queue | Skirmisher |
| 15:35 | Queue | Villager (Male) |
| 15:36 | Build | Farm |
| 15:51 | Queue | Villager (Male) |
| 15:54 | Build | Palisade Wall |
| 15:56 | Build | Palisade Wall |
| 15:59 | Build | Farm |
| 16:18 | Queue | Skirmisher |
| 16:33 | Queue | Scout Cavalry |
| 16:54 | Queue | Scout Cavalry |
| 16:56 | Queue | Skirmisher |
| 17:01 | Queue | Villager (Male) |
| 17:05 | Build | Mill |
| 17:13 | Build | Watch Tower |
| 17:16 | Queue | Villager (Male) |
| 17:18 | Build | Farm |
| 17:21 | Build | Farm |
| 17:35 | Build | Watch Tower |
| 17:37 | Queue | Skirmisher |
| 17:38 | Queue | Villager (Male) |
| 17:47 | Build | Farm |
| 18:14 | Queue | Scout Cavalry |
| 18:30 | Queue | Scout Cavalry |
| 18:43 | Queue | Scout Cavalry |
| 18:45 | Research | Forging |
| 19:08 | Queue | Villager (Male) |
| 19:15 | Queue | Villager (Male) |
| 19:19 | Build | Archery Range |
| 19:39 | Queue | Villager (Male) |
| 19:41 | Build | Farm |
| 19:42 | Build | Farm |
| 19:46 | Queue | Skirmisher |
| 19:47 | Queue | Villager (Male) |
| 19:59 | Queue | Villager (Male) |
| 20:01 | Queue | Skirmisher |
| 20:05 | Research | Scale Barding Armor |
| 20:20 | Queue | Skirmisher |
| 20:21 | Queue | Villager (Male) |
| 20:24 | Build | House |
| 20:38 | Research | Wheelbarrow |
| 20:55 | Queue | Scout Cavalry |
| 20:56 | Queue | Scout Cavalry |
| 21:01 | Queue | Skirmisher |
| 21:14 | Queue | Skirmisher |
| 21:29 | Build | Watch Tower |
| 21:33 | Queue | Scout Cavalry |
| 21:53 | Queue | Skirmisher |
| 21:53 | Queue | Scout Cavalry |
| 21:54 | Queue | Villager (Male) |
| 21:56 | Queue | Villager (Male) |
| 22:03 | Queue | Villager (Male) |
| 22:05 | Build | Lumber Camp |
| 22:10 | Queue | Villager (Male) |
Build order — [bK] Faraday__
First 150 of 527 actions detected
| 0:01 | Queue | Villager (Male) |
| 0:01 | Queue | Villager (Male) |
| 0:02 | Queue | Villager (Male) |
| 0:02 | Build | House |
| 0:04 | Build | House |
| 0:07 | Queue | Villager (Male) |
| 0:08 | Queue | Villager (Male) |
| 1:18 | Queue | Villager (Male) |
| 1:30 | Build | Lumber Camp |
| 1:38 | Queue | Villager (Male) |
| 2:10 | Queue | Villager (Male) |
| 2:43 | Queue | Villager (Male) |
| 2:43 | Queue | Villager (Male) |
| 3:00 | Build | House |
| 3:05 | Queue | Villager (Male) |
| 3:05 | Queue | Villager (Male) |
| 3:32 | Queue | Villager (Male) |
| 3:32 | Queue | Villager (Male) |
| 4:02 | Queue | Villager (Male) |
| 4:02 | Queue | Villager (Male) |
| 4:14 | Build | Barracks |
| 4:22 | Queue | Villager (Male) |
| 4:31 | Queue | Villager (Male) |
| 4:31 | Queue | Villager (Male) |
| 4:47 | Build | House |
| 5:12 | Queue | Militia |
| 5:19 | Queue | Villager (Male) |
| 5:19 | Queue | Villager (Male) |
| 5:34 | Queue | Militia |
| 5:49 | Queue | Militia |
| 5:53 | Queue | Villager (Male) |
| 6:08 | Research | Loom |
| 6:56 | Queue | Villager (Male) |
| 7:34 | Research | Feudal Age |
| 7:34 | Research | Feudal Age |
| 7:34 | Research | Feudal Age |
| 7:34 | Research | Feudal Age |
| 7:34 | Research | Feudal Age |
| 7:34 | Research | Feudal Age |
| 7:34 | Research | Feudal Age |
| 8:06 | Build | Mining Camp |
| 8:35 | Build | House |
| 8:36 | Build | Palisade Wall |
| 9:12 | Build | House |
| 9:38 | Build | Palisade Wall |
| 9:39 | Build | Palisade Wall |
| 9:41 | Build | Palisade Wall |
| 9:44 | Age | Feudal Age |
| 9:47 | Build | Palisade Gate |
| 9:48 | Queue | Spearman |
| 9:50 | Queue | Villager (Male) |
| 10:08 | Queue | Spearman |
| 10:09 | Queue | Villager (Male) |
| 10:29 | Build | Archery Range |
| 10:29 | Queue | Villager (Male) |
| 10:34 | Queue | Spearman |
| 10:34 | Research | Double-Bit Axe |
| 10:34 | Research | Double-Bit Axe |
| 10:34 | Research | Double-Bit Axe |
| 10:34 | Research | Double-Bit Axe |
| 10:34 | Research | Double-Bit Axe |
| 10:43 | Queue | Spearman |
| 10:43 | Queue | Villager (Male) |
| 10:54 | Build | Mill |
| 10:57 | Queue | Spearman |
| 11:03 | Queue | Villager (Male) |
| 11:21 | Queue | Archer |
| 11:26 | Queue | Villager (Male) |
| 11:31 | Build | Farm |
| 11:34 | Build | Farm |
| 11:38 | Queue | Archer |
| 11:40 | Queue | Villager (Male) |
| 11:42 | Build | Farm |
| 11:58 | Queue | Villager (Male) |
| 12:03 | Build | Farm |
| 12:17 | Queue | Villager (Male) |
| 12:20 | Queue | Archer |
| 12:23 | Build | House |
| 12:26 | Build | Farm |
| 12:29 | Build | House |
| 12:30 | Build | House |
| 12:51 | Queue | Villager (Male) |
| 13:00 | Build | Watch Tower |
| 13:07 | Queue | Archer |
| 13:08 | Queue | Villager (Male) |
| 13:31 | Queue | Villager (Male) |
| 13:33 | Queue | Spearman |
| 14:00 | Queue | Villager (Male) |
| 14:17 | Build | Blacksmith |
| 14:19 | Queue | Villager (Male) |
| 14:30 | Queue | Archer |
| 14:39 | Build | Lumber Camp |
| 14:56 | Queue | Villager (Male) |
| 14:57 | Queue | Skirmisher |
| 15:05 | Build | Farm |
| 15:09 | Research | Fletching |
| 15:10 | Build | House |
| 15:12 | Build | House |
| 15:22 | Research | Padded Archer Armor |
| 15:22 | Queue | Villager (Male) |
| 15:38 | Queue | Villager (Male) |
| 15:52 | Build | Archery Range |
| 15:54 | Queue | Spearman |
| 15:57 | Queue | Villager (Male) |
| 16:14 | Queue | Archer |
| 16:14 | Queue | Archer |
| 16:37 | Queue | Archer |
| 16:37 | Queue | Archer |
| 16:37 | Queue | Skirmisher |
| 16:55 | Queue | Villager (Male) |
| 16:55 | Queue | Villager (Male) |
| 16:57 | Queue | Skirmisher |
| 16:58 | Queue | Archer |
| 16:59 | Queue | Skirmisher |
| 17:03 | Queue | Villager (Male) |
| 17:05 | Build | Farm |
| 17:13 | Queue | Skirmisher |
| 17:13 | Queue | Archer |
| 17:13 | Queue | Villager (Male) |
| 17:17 | Queue | Skirmisher |
| 17:17 | Queue | Skirmisher |
| 18:12 | Queue | Archer |
| 18:12 | Queue | Archer |
| 18:16 | Queue | Spearman |
| 18:20 | Queue | Spearman |
| 18:38 | Queue | Archer |
| 18:38 | Queue | Skirmisher |
| 18:58 | Queue | Archer |
| 19:00 | Queue | Villager (Male) |
| 19:02 | Build | Farm |
| 19:05 | Build | Mill |
| 19:10 | Build | Outpost |
| 19:15 | Queue | Archer |
| 19:15 | Queue | Archer |
| 19:16 | Queue | Villager (Male) |
| 19:19 | Build | Farm |
| 19:22 | Build | Farm |
| 19:24 | Build | Farm |
| 19:34 | Queue | Archer |
| 19:35 | Queue | Archer |
| 19:38 | Queue | Villager (Male) |
| 19:51 | Build | Farm |
| 19:52 | Build | Farm |
| 19:59 | Queue | Archer |
| 20:00 | Queue | Archer |
| 20:11 | Build | Market |
| 20:23 | Build | Palisade Wall |
| 20:27 | Queue | Archer |
| 20:27 | Queue | Archer |
| 20:31 | Queue | Villager (Male) |
Match timeline
| 4:14 | [bK] Faraday__ · first_building Barracks |
| 7:26 | VL Tou · first_building Barracks |
| 8:27 | VL Tou · age_up feudal |
| 8:30 | VL Tou · first_building Stable |
| 8:36 | [bK] Faraday__ · wall_segment Palisade Wall x1 |
| 9:38 | [bK] Faraday__ · wall_segment Palisade Wall x1 |
| 9:39 | [bK] Faraday__ · wall_segment Palisade Wall x1 |
| 9:41 | [bK] Faraday__ · wall_segment Palisade Wall x1 |
| 9:44 | [bK] Faraday__ · age_up feudal |
| 10:29 | [bK] Faraday__ · first_building Archery Range |
| 10:36 | VL Tou · first_building Archery Range |
| 11:53 | VL Tou · wall_segment Palisade Wall x1 |
| 11:55 | VL Tou · wall_segment Palisade Wall x1 |
| 11:59 | VL Tou · wall_segment Palisade Wall x1 |
| 12:20 | VL Tou · wall_segment Palisade Wall x1 |
| 12:21 | VL Tou · wall_segment Palisade Wall x1 |
| 15:54 | VL Tou · wall_segment Palisade Wall x6 |
| 15:56 | VL Tou · wall_segment Palisade Wall x8 |
| 20:23 | [bK] Faraday__ · wall_segment Palisade Wall x1 |
| 21:05 | [bK] Faraday__ · first_market_buy 100 food |
| 24:43 | [bK] Faraday__ · age_up castle |
| 24:54 | VL Tou · first_market_sell 100 food |
| 25:08 | VL Tou · wall_segment Stone Wall x7 |
| 26:50 | VL Tou · first_market_buy 100 wood |
| 26:56 | [bK] Faraday__ · first_building Siege Workshop |
| 27:37 | VL Tou · age_up castle |
| 34:54 | [bK] Faraday__ · first_market_sell 100 food |
| 34:59 | [bK] Faraday__ · first_building Castle |
| 37:26 | VL Tou · first_building Monastery |
| 38:07 | VL Tou · wall_segment Stone Wall x14 |
| 38:15 | [bK] Faraday__ · first_building Monastery |
| 42:26 | [bK] Faraday__ · age_up imperial |
| 42:35 | VL Tou · age_up imperial |
| 42:48 | VL Tou · first_building Castle |
| 42:50 | [bK] Faraday__ · wall_segment Stone Wall x1 |
| 43:56 | VL Tou · wall_segment Stone Wall x11 |
| 47:53 | [bK] Faraday__ · wall_segment Palisade Wall x1 |
| 47:59 | [bK] Faraday__ · wall_segment Stone Wall x1 |
| 52:18 | [bK] Faraday__ · resign |
[ AI ANALYSIS · 1 CREDIT ]
What really happened in this match?
Wolo.gg analyzes every decision: build order, eco, micro, common mistakes by bracket. Personalized analysis on WhatsApp or Discord in 30 seconds.
Civ guide
Franks
Perfil
VL Tou